 Dungeon Crawl Stone Soup version 0.17.1-2-g5865329 (webtiles) character file.

70 Bubnilka the Cudgeler (level 4, 0/35 HPs)
             Began as a Demonspawn Berserker on Jan 20, 2016.
             Was a Believer of Trog.
             Killed from afar by an orc wizard (5 damage)
             ... with a puff of flame
             ... on level 3 of the Dungeon.
             The game lasted 00:03:29 (1204 turns).

Bubnilka the Cudgeler (Demonspawn Berserker)        Turns: 1204, Time: 00:03:29

Health: 0/35       AC:  3    Str: 18    XL:     4   Next: 3%
Magic:  4/4        EV: 12    Int:  9    God:    Trog [**....]
Gold:   53         SH:  0    Dex: 12    Spells: 0 memorised, 3 levels left

rFire  . . .     SeeInvis .     a - +0 mace
rCold  . . .     Clarity  .     b - +0 animal skin
rNeg   . . .     SustAt   .     (no shield)
rPois  .         Gourm    .     (no helmet)
rElec  .         Spirit   .     i - +0 cloak
rCorr  .         Warding  .     (no gloves)
rMut   .         Stasis   .     (no boots)
MR     .....                    (no amulet)
Stlth  +.........               (no ring)
                                (no ring)

@: not resistant to hostile enchantments, very unstealthy
A: demonic guardian 1, powered by pain 1
a: Berserk, Trog's Hand, Burn Spellbooks, Renounce Religion


You were on level 3 of the Dungeon.
You worshipped Trog.
Trog was pleased with you.
You were not hungry.

You visited 1 branch of the dungeon, and saw 3 of its levels.

You collected 53 gold pieces.

Inventory:

Hand Weapons
 a - a +0 mace (weapon)
Armour
 b - a +0 animal skin (worn)
 i - a +0 cloak (worn)
Jewellery
 d - an uncursed amulet of warding {unknown}
 e - an uncursed amulet of the gourmand {unknown}
Scrolls
 f - a scroll of remove curse
Potions
 j - a potion of degeneration {unknown}
 m - a potion of heal wounds {unknown}
 n - a potion of curing {unknown}
Comestibles
 c - a bread ration
 g - a fruit
 k - a meat ration


   Skills:
 + Level 3.3 Fighting
 * Level 3.5 Maces & Flails
 + Level 2.4 Armour
 + Level 2.4 Dodging


You had 3 spell levels left.
You didn't know any spells.

Dungeon Overview and Level Annotations

Branches:
Dungeon (3/15)

Altars:

Annotations:
D:3 Natasha


Innate Abilities, Weirdness & Mutations

A weak demonic guardian rushes to your aid.
You sometimes gain a little power by taking damage.


Message History

Your crimson imp hits the orc wizard but does no damage.
You closely miss the orc wizard.
The orc wizard hits your crimson imp with a dagger!
The orc wizard hits you with a dagger. x2
Your crimson imp barely misses the orc wizard.
You closely miss the orc wizard. The orc wizard hits you with a dagger.
* * * LOW HITPOINT WARNING * * *
The orc wizard hits you with a dagger.
* * * LOW HITPOINT WARNING * * *
Your crimson imp hits the orc wizard.
The orc wizard hits you with a dagger.
* * * LOW HITPOINT WARNING * * *
The orc wizard barely misses you.
Your iron imp hits the orc wizard.
Natasha, Servant of Life and Death comes into view.
The orc wizard hits you but does no damage.
Your crimson imp blinks!
The orc wizard gestures wildly while chanting.
The orc wizard blinks!
The orc wizard points at you and mumbles some strange words.
The puff of flame hits you!
You die...

.o. ##### ..#
....# .o# #.#.#
..# #5#.##..###.#
###.#........
####.5$..##.h#
.....o..oS...#
##.(...@.##.......
#.#.....# #######
# #.....#
....##### #.#. #..
##.


You could see 2 orc wizards, Natasha, an adder, a friendly iron imp and a
friendly crimson imp.

Vanquished Creatures
  Natasha (D:3)
  An ooze (D:1)
  2 worms (D:2)
  A giant gecko (D:2)
  An orc (D:3)
  2 giant cockroaches (D:2)
  3 goblins
  7 hobgoblins
  3 jackals (D:1)
  3 kobolds (D:2)
  2 bats
  3 giant newts
  3 rats
32 creatures vanquished.

Notes
Turn   | Place    | Note
--------------------------------------------------------------
     0 | D:1      | Bubnilka the Demonspawn Berserker began the quest for the Orb.
     0 | D:1      | Reached XP level 1. HP: 18/18 MP: 1/1
    20 | D:1      | Gained mutation: You sometimes gain a little power by taking damage. [demonic ancestry]
    20 | D:1      | Reached XP level 2. HP: 17/24 MP: 2/2
   743 | D:2      | Reached ** piety under Trog
   743 | D:2      | Reached XP level 3. HP: 27/29 MP: 3/3
  1047 | D:2      | Found a faded altar to an unknown god.
  1179 | D:3      | Noticed Natasha
  1186 | D:3      | Killed Natasha
  1186 | D:3      | Gained mutation: A weak demonic guardian rushes to your aid. [demonic ancestry]
  1186 | D:3      | Reached XP level 4. HP: 35/35 MP: 4/4
  1203 | D:3      | Noticed Natasha
  1204 | D:3      | Killed from afar by an orc wizard

Action                   |  1- 3 |  4- 6 || total
-------------------------+-------+-------++-------
Melee: Mace              |   103 |     6 ||   109
Invok: Trog's Hand       |     1 |       ||     1
  Use: Scroll            |     3 |       ||     3
  Eat: Fruit             |       |     1 ||     1
